 Dungeon Crawl Stone Soup version 0.25.1-2-g60ff931 (webtiles) character file.

Game seed: 17845732232818111716

83468 Chrisjfl the Bludgeoner (level 15, -4/144 HPs)
             Began as a Tengu Gladiator on Sept 15, 2020.
             Was a High Priest of Kikubaaqudgha.
             Slain by a merfolk
             ... wielding a cursed -3 trident
              (6 damage)
             ... on level 3 of the Shoals.
             The game lasted 01:05:46 (24459 turns).

Chrisjfl the Bludgeoner (Tengu Gladiator)          Turns: 24459, Time: 01:05:47

Health: -4/144     AC: 14    Str: 15    XL:     15   Next: 77%
Magic:  30/30      EV: 12    Int: 13    God:    Kikubaaqudgha [*****.]
Gold:   2305       SH:  0    Dex: 21    Spells: 14/14 levels left

rFire    . . .     SeeInvis .   r - +7 morningstar of Rewipowu {vorpal, MP+9 Dex+2}
rCold    . . .     Gourm    .   o - +0 buckler
rNeg     + . .     Faith    .   a - +0 scale mail
rPois    .         Spirit   .   e - +1 hat
rElec    .         Reflect  .   W - +2 cloak
rCorr    .         Harm     .   t - +0 pair of gloves
MR       +....     Clarity  +   (boots unavailable)
Stlth    ..........             h - amulet of magic regeneration
HPRegen  0.74/turn              T - ring of Amuatats {Dex+2 Stlth+}
MPRegen  0.47/turn              y - ring of positive energy

@: berserking, engulfed (cannot breathe), flying quickly and evasively, held,
very quick
A: beak, talons 3, clarity, regeneration 1, evolution 1, subdued magic 1, able
to fly
a: Stop Flying, Receive Corpses, Torment, Renounce Religion


You were on level 3 of the Shoals.
You worshipped Kikubaaqudgha.
Kikubaaqudgha was extremely pleased with you.
You were hungry.

You visited 5 branches of the dungeon, and saw 24 of its levels.
You also visited: Gauntlet.

You collected 2357 gold pieces.
You spent 52 gold pieces at shops.

Inventory:

Hand Weapons
 r - the +7 morningstar of Rewipowu (weapon) {vorpal, MP+9 Dex+2}
   (You found it on level 4 of the Dungeon)

   It inflicts extra damage upon your enemies.
   It affects your dexterity (+2).
   It affects your magic capacity (+9).
Missiles
 b - 3 atropa-tipped darts
 d - 5 throwing nets
 j - 26 poisoned darts (quivered)
 l - 8 javelins
 V - a silver javelin
Armour
 a - a +0 scale mail (worn)
 e - a +1 hat (worn)
 o - a +0 buckler (worn)
 t - a +0 pair of gloves (worn)
 P - a +0 troll leather armour
 W - a +2 cloak (worn)
Jewellery
 g - an uncursed ring of ice
 h - an amulet of magic regeneration (around neck)
 m - an uncursed ring of see invisible
 s - the ring "Pefadih" {+Fly rF+ rC- rN+ Int+4}
   (You found it in a Gauntlet)

   [ring of positive energy]

   It affects your intelligence (+4).
   It protects you from fire.
   It makes you vulnerable to cold.
   It protects you from negative energy.
   It lets you fly.
 w - a +6 ring of intelligence
 y - a ring of positive energy (right hand)
 C - the ring "Bokhlac" {+Inv rF+ Int+3}
   (You found it on level 5 of the Dungeon)

   [ring of protection from fire]

   It affects your intelligence (+3).
   It protects you from fire.
   It lets you turn invisible.
 O - an uncursed ring of fire
 T - the ring of Amuatats (left hand) {Dex+2 Stlth+}
   (You took it off a minotaur in a Gauntlet)

   [ring of stealth]

   It affects your dexterity (+2).
   It makes you more stealthy.
 X - an uncursed ring of protection from cold
Wands
 c - a wand of polymorph (6)
 x - a wand of flame (15)
 z - a wand of iceblast (14)
 J - a wand of clouds (15)
 M - a wand of acid (4)
 S - a wand of paralysis (7)
 Z - a wand of enslavement (12)
Scrolls
 k - 13 scrolls of teleportation
 p - 13 scrolls of remove curse
 u - 5 scrolls of magic mapping
 B - 2 scrolls of blinking
 H - 2 scrolls of fog
 I - 2 scrolls of amnesia
 K - 3 scrolls of enchant weapon
 R - 3 scrolls of fear
 U - 3 scrolls of identify
 Y - a scroll of enchant armour
Potions
 i - 2 potions of magic
 n - 2 potions of cancellation
 q - a potion of lignification {unknown}
 v - 2 potions of resistance
 A - a potion of stabbing
 G - a potion of might
 L - 6 potions of curing
 N - 2 potions of brilliance
 Q - a potion of haste
Comestibles
 f - 34 rations


   Skills:
 - Level 12.0 Fighting
 - Level 16.0 Maces & Flails
 - Level 2.0 Throwing
 + Level 9.3 Armour
 - Level 14.0 Dodging
 - Level 6.0 Stealth
 - Level 4.0 Shields
 - Level 10.0 Necromancy
 - Level 7.0 Evocations


You had 14 spell levels left.
You didn't know any spells.
Your spell library contained the following spells:

 Spells                   Type           Power        Failure   Level  Hunger
 Pain                     Necr           ###.         1%          1    ##.....
 Sublimation of Blood     Necr           ###.......   1%          2    ###....
 Vampiric Draining        Necr           ###.......   3%          3    ####...
 Dispel Undead            Necr           ###.....     13%         4    #####..
 Corpse Rot               Necr/Air       N/A          16%         2    ###....
 Agony                    Necr           ###.....     36%         5    ######.
 Beastly Appendage        Tmut           #.....       63%         1    ##.....
 Magic Dart               Conj           #...         63%         1    ##.....
 Sting                    Tmut/Pois      #...         63%         1    ##.....
 Blink                    Tloc           N/A          78%         2    ###....
 Call Imp                 Summ           #.......     78%         2    ###....
 Searing Ray              Conj           #.....       78%         2    ###....
 Slow                     Hex            #.......     78%         2    ###....
 Sticks to Snakes         Tmut           #.......     78%         2    ###....
 Death Channel            Necr           ###.......   92%         6    #######
 Call Canine Familiar     Summ           #.......     95%         3    ####...
 Confusing Touch          Hex            #.......     95%         3    ####...
 Conjure Flame            Conj/Fire      #.......     95%         3    ####...
 Dazzling Flash           Conj/Hex       #.....       95%         3    ####...
 Mephitic Cloud           Conj/Pois/Air  #.......     95%         3    ####...
 Spider Form              Tmut/Pois      #.........   95%         3    ####...
 Summon Guardian Golem    Hex/Summ       #.......     95%         3    ####...
 Tukima's Dance           Hex            #.......     95%         3    ####...
 Borgnjor's Vile Clutch   Necr/Erth      ##........   97%         5    ######.
 Cause Fear               Hex            #.........   100%        4    #####..
 Fulminant Prism          Conj/Hex       #.........   100%        4    #####..
 Ice Form                 Ice/Tmut       #.......     100%        4    #####..
 Iskenderun's Mystic Bla  Conj/Tloc      #.......     100%        4    #####..
 Petrify                  Tmut/Erth      #.......     100%        4    #####..
 Summon Ice Beast         Ice/Summ       #.......     100%        4    #####..
 Blade Hands              Tmut           #.........   100%        5    ######.
 Summon Mana Viper        Hex/Summ       #.......     100%        5    ######.
 Hydra Form               Tmut           #.........   100%        6    #######
 Simulacrum               Ice/Necr       ##........   100%        6    #######
 Discord                  Hex            #.........   100%        8    #######


Dungeon Overview and Level Annotations

Branches:
Dungeon (12/15)            Temple (0/1) D:4            Lair (6/6) D:9
 Shoals (3/4) Lair:3       Spider (0/4) Lair:2        Slime (0/5) Lair:5
    Orc (2/2) D:9             Elf (1/3) Orc:2       Gauntlet (visited)

Altars:
Cheibriados
Elyvilon
Fedhas
Kikubaaqudgha
Qazlal
Sif Muna
Wu Jian
Zin

Shops:
D:5 *   Orc:1 [   Orc:2 ?*::

Annotations:
D:6 exclusion: door
Shoals:2 Aizul, Polyphemus


Innate Abilities, Weirdness & Mutations

You have a beak for a mouth.
You have claws for feet.
You can fly continuously.
You possess an exceptional clarity of mind.
Your natural rate of healing is unusually fast.
You evolve.
Your spells are a little easier to cast, but a little less powerful.


Message History

You are engulfed in a cloud of scalding steam.
* * * LOW HITPOINT WARNING * * *
x2 Your lungs strain for air!
The merfolk is engulfed in a cloud of scalding steam.
The merfolk hits you with a +0 trident!
* * * LOW HITPOINT WARNING * * *
The water elemental is engulfed in a cloud of scalding steam.
The water elemental hits you.
You cannot read scrolls while unable to breathe!
Unknown command.
A red film seems to cover your vision as you go berserk!
You feel yourself moving faster!
You feel mighty!
* * * LOW HITPOINT WARNING * * *
Your lungs strain for air!
The merfolk aquamancer is engulfed in a cloud of scalding steam.
The merfolk closely misses you. The water elemental hits you.
The merfolk closely misses you.
The merfolk hits you from afar with a cursed -3 trident.
You die...
Kikubaaqudgha rasps: "You have failed me!
Welcome... death!"

..##...≈≈≈≈≈≈≈≈
...#....≈≈≈≈≈≈≈
........≈≈≈≈≈≈≈
#........≈≈≈≈≈≈
##........≈≈≈≈≈
#......§m..≈≈≈≈
#......§§.≈≈≈≈≈
......§@E≈≈≈≈≈≈
..≈≈..§mm≈≈≈≈≈≈
≈.≈≈..≈§m≈≈≈≈≈≈
≈≈≈≈.≈≈≈≈≈≈≈≈≈≈
≈≈≈≈≈≈≈≈≈≈≈≈≈≈≈
≈≈≈≈≈≈≈≈≈≈≈≈≈≈≈
≈≈≈≈≈≈≈≈≈≈≈≈≈≈≈
≈≈≈≈≈≈≈≈≈≈≈≈≈≈≈


You could see a merfolk aquamancer, 3 merfolk and a water elemental.

Vanquished Creatures
  Jorgrun (Orc:1)
  Louise (Shoals:2)
  A dire elephant (Lair:6)
  A minotaur (Gauntlet)
  The ghost of roflc0ptic the Nimble, a journeyman OpTm of Sif Muna (Orc:2)
  7 hydras
  4 ogre magi
  Erica (D:8)
  An anaconda (Lair:6)
  A catoblepas (Shoals:2)
  6 death yaks (Lair:5)
  A satyr (Shoals:2)
  A death scarab (Gauntlet)
  13 two-headed ogres
  A hell hog (Gauntlet)
  A deep elf knight (Elf:1)
  A wretched star (Gauntlet)
  An unseen horror (D:10)
  A sea snake (Shoals:1)
  A spectral death yak (Gauntlet)
  A wizard (D:10)
  Pikel (D:8)
  4 harpies (Shoals:1)
  An orc knight (Orc:2)
  An ugly thing (D:11)
  5 fauns
  2 deep elf magi (Elf:1)
  4 orc sorcerers
  5 manticores
  A cyclops (Shoals:1)
  A centaur zombie (D:10)
  2 water nymphs
  23 elephants
  Joseph (D:10)
  2 black mambas
  A merfolk siren (Shoals:1)
  Psyche (D:8)
  9 spiny frogs
  A torpor snail (Lair:4)
  A minotaur zombie (Gauntlet)
  2 rime drakes
  4 komodo dragons (Lair:4)
  6 merfolk
  8 trolls
  2 polar bears
  4 slime creatures
  15 blink frogs
  6 hippogriffs
  A snapping turtle (Shoals:1)
  10 dream sheep
  2 spriggans (Lair:5)
  A wyvern (Lair:3)
  A redback (Lair:2)
  A shadow (D:11)
  2 wraiths
  2 hogs (D:9)
  A basilisk (Lair:5)
  4 fire bats (Gauntlet)
  A human (D:9)
  23 yaks
  A hungry ghost (Shoals:2)
  Grum (D:8)
  A neqoxec (Gauntlet)
  3 wargs
  12 water moccasins
  2 hell hounds (Gauntlet)
  8 porcupines
  2 ice beasts
  7 orc warriors
  6 sky beasts
  A black bear (Lair:5)
  A necrophage (D:10)
  30 ogres
  A phantom (D:4)
  3 centaurs
  13 wolves
  10 crocodiles
  7 bullfrogs
  2 scorpions (D:7)
  4 wights (D:11)
  2 electric eels
  5 crimson imps
  7 orc priests
  2 jellies
  2 centaur skeletons
  8 hounds
  9 orc wizards
  2 bullfrog skeletons
  4 iguanas
  Natasha (thrice) (D:4)
  3 worker ants (D:5)
  A hound skeleton (D:4)
  A howler monkey skeleton (D:6)
  10 gnolls
  2 worker ant zombies
  11 adders
  2 shadow imps
  2 oozes
  2 adder skeletons
  A dart slug (D:2)
  4 leopard geckos
  34 orcs
  3 ball pythons
  6 bats
  4 bat zombies (D:3)
  9 giant cockroaches
  6 hobgoblins
  11 jackals
  A quokka (D:7)
  4 frilled lizards
  11 goblins
  A jackal zombie (D:9)
  9 kobolds
  A leopard gecko skeleton (D:5)
  A quokka skeleton (D:5)
  A quokka zombie (D:6)
  9 rats
  2 rat zombies (D:3)
  3 plants (Lair:6)
523 creatures vanquished.

Vanquished Creatures (others)
  A slave (D:8)
  An orc wizard (D:8)
  A bush (Lair:5)
  A demonic plant (Gauntlet)
  12 fungi
  10 plants
26 creatures vanquished.

Grand Total: 549 creatures vanquished

Notes
Turn   | Place    | Note
-------+----------+-------------------------------------------
     0 | D:1      | Chrisjfl the Tengu Gladiator began the quest for the Orb.
     0 | D:1      | Reached XP level 1. HP: 12/12 MP: 2/2
    83 | D:1      | Reached XP level 2. HP: 17/17 MP: 3/3
    99 | D:1      | Reached skill level 4 in Maces & Flails
   414 | D:1      | Reached XP level 3. HP: 21/21 MP: 4/4
   629 | D:2      | Noticed a hungry ghost
   916 | D:2      | Reached skill level 5 in Maces & Flails
  1161 | D:2      | Reached XP level 4. HP: 22/26 MP: 5/5
  1748 | D:3      | Found a blossoming altar of Fedhas.
  1861 | D:3      | Found a white marble altar of Elyvilon.
  1862 | D:3      | Found an ornate altar of the Wu Jian Council.
  1862 | D:3      | Found a glowing silver altar of Zin.
  1864 | D:3      | Found a snail-covered altar of Cheibriados.
  2012 | D:3      | Reached skill level 6 in Maces & Flails
  2135 | D:3      | Gained mutation: You can fly continuously. [Tengu growth]
  2135 | D:3      | Reached XP level 5. HP: 18/30 MP: 6/6
  2646 | D:3      | Found an ancient bone altar of Kikubaaqudgha.
  2654 | D:3      | Became a worshipper of Kikubaaqudgha
  2791 | D:4      | Reached skill level 7 in Maces & Flails
  2791 | D:4      | Reached XP level 6. HP: 35/35 MP: 7/7
  2867 | D:4      | Noticed Natasha
  2872 | D:4      | Killed Natasha
  3000 | D:4      | Noticed a phantom
  3015 | D:4      | Killed a phantom
  3198 | D:4      | Got an encrusted morningstar
  3210 | D:4      | Reached skill level 8 in Maces & Flails
  3224 | D:4      | Reached skill level 1 in Armour
  3233 | D:4      | Identified the +7 morningstar of Rewipowu {vorpal, MP+9
                  | Dex+2} (You found it on level 4 of the Dungeon)
  3712 | D:4      | Reached XP level 7. HP: 33/40 MP: 8/8
  3800 | D:4      | Found a staircase to the Ecumenical Temple.
  3829 | D:4      | Reached skill level 1 in Shields
  3945 | D:4      | Noticed Natasha
  3951 | D:4      | Killed Natasha
  3986 | D:4      | Noticed Natasha
  3993 | D:4      | Killed Natasha
  4043 | D:5      | Entered Level 5 of the Dungeon
  4127 | D:5      | Reached * piety under Kikubaaqudgha
  4127 | D:5      | Identified Kikubaaqudgha's Reference Book on Evil Arts
                  | (Kikubaaqudgha gifted it to you on level 5 of the Dungeon)
  4127 | D:5      | Received a gift from Kikubaaqudgha
  4288 | D:5      | Found Kagibaed's Assorted Antiques.
  4697 | D:5      | Got a vibrating granite ring
  4973 | D:6      | Reached XP level 8. HP: 43/44 MP: 9/9
  4977 | D:6      | Identified the ring "Bokhlac" {+Inv rF+ Int+3} (You found
                  | it on level 5 of the Dungeon)
  5059 | D:6      | Found a shimmering blue altar of Sif Muna.
  5219 | D:6      | Reached skill level 1 in Evocations
  5580 | D:7      | Noticed a water elemental
  5582 | D:7      | Found a stormy altar of Qazlal.
  5583 | D:7      | Noticed an air elemental
  6100 | D:8      | Reached skill level 5 in Dodging
  6170 | D:8      | Noticed Pikel
  6185 | D:8      | Killed Pikel
  6185 | D:8      | Reached skill level 9 in Maces & Flails
  6185 | D:8      | Reached XP level 9. HP: 8/48 MP: 12/12
  6489 | D:8      | Noticed Erica
  6500 | D:8      | Killed Erica
  6500 | D:8      | Reached skill level 11 in Maces & Flails
  6791 | D:8      | Noticed Grum
  6808 | D:8      | Reached ** piety under Kikubaaqudgha
  6951 | D:8      | Killed Grum
  7062 | D:8      | Noticed Psyche
  7252 | D:8      | Killed Psyche
  7252 | D:8      | Reached skill level 12 in Maces & Flails
  7461 | D:9      | Reached XP level 10. HP: 53/53 MP: 13/13
  7535 | D:9      | Found a staircase to the Orcish Mines.
  7556 | D:9      | Reached skill level 13 in Maces & Flails
  7861 | D:9      | Found a staircase to the Lair.
  8213 | Lair:1   | Entered Level 1 of the Lair of Beasts
  8256 | D:10     | Entered Level 10 of the Dungeon
  8438 | D:10     | Reached skill level 14 in Maces & Flails
  8469 | D:10     | Reached skill level 5 in Armour
  8492 | D:10     | Noticed an unseen horror
  8512 | D:10     | Killed an unseen horror
  8567 | D:10     | Noticed Joseph
  8590 | D:10     | Killed Joseph
  8644 | D:10     | Reached XP level 11. HP: 59/62 MP: 14/14
  8807 | D:10     | Reached skill level 5 in Fighting
  9082 | D:10     | Noticed a wizard
  9095 | D:10     | Killed a wizard
  9219 | D:10     | Reached *** piety under Kikubaaqudgha
  9219 | D:10     | Identified Kikubaaqudgha's Papyrus of Stolen Souls
                  | (Kikubaaqudgha gifted it to you on level 10 of the Dungeon)
  9219 | D:10     | Received a gift from Kikubaaqudgha
  9501 | D:11     | Noticed a manticore
  9507 | D:11     | Killed a manticore
  9596 | D:11     | Found a gate leading to a gauntlet.
  9602 | Gauntlet | Entered a Gauntlet
  9602 | Gauntlet | Found a transporter.
  9602 | Gauntlet | Found a transporter.
  9617 | Gauntlet | Noticed a moth of wrath
  9669 | Gauntlet | Found a transporter.
  9685 | Gauntlet | Noticed a wretched star
  9686 | Gauntlet | Found a transporter.
  9686 | Gauntlet | Found a transporter.
  9686 | Gauntlet | Found a transporter.
  9689 | Gauntlet | Found a transporter.
  9689 | Gauntlet | Found a transporter.
  9700 | Gauntlet | Found a transporter.
  9711 | Gauntlet | Noticed a hell hog
  9718 | Gauntlet | Found a transporter.
  9725 | Gauntlet | Noticed a moth of wrath
  9728 | Gauntlet | Found a transporter.
  9743 | Gauntlet | Found a transporter.
  9763 | Gauntlet | Found a transporter.
  9779 | Gauntlet | Found a transporter.
  9788 | Gauntlet | Noticed a spectral death yak
  9788 | Gauntlet | Noticed a death scarab
  9825 | Gauntlet | Killed a death scarab
  9832 | Gauntlet | Killed a spectral death yak
  9962 | Gauntlet | Gained mutation: Scrolls take you a little longer to read.
                  | [a neqoxec]
  9969 | Gauntlet | Got a faintly glowing lapis lazuli ring
  9991 | Gauntlet | Killed a wretched star
 10043 | Gauntlet | Killed a hell hog
 10052 | Gauntlet | Reached skill level 1 in Necromancy
 10282 | Gauntlet | Got a fine steel amulet
 10334 | Gauntlet | Identified the ring "Pefadih" {+Fly rF+ rC- rN+ Int+4} (You
                  | found it in a Gauntlet)
 10336 | Gauntlet | Identified the amulet of the Forgotten Demons {Faith rC+
                  | MR- Dex+3} (You found it in a Gauntlet)
 10348 | Gauntlet | Identified the ring of Amuatats {Dex+2 Stlth+}
 10348 | Gauntlet | Noticed a minotaur
 10369 | Gauntlet | Killed a minotaur
 10376 | Gauntlet | Reached skill level 5 in Necromancy
 10556 | Gauntlet | Identified the Tome of Curses
 10556 | Gauntlet | Identified the Disquisition on Shifting Creation
 10677 | D:11     | Noticed a green ugly thing
 10731 | D:11     | Noticed a manticore
 10735 | D:11     | Killed a manticore
 10859 | D:11     | Reached XP level 12. HP: 72/72 MP: 15/15
 11774 | D:11     | Reached **** piety under Kikubaaqudgha
 11784 | D:11     | Reached skill level 10 in Dodging
 12586 | Lair:1   | Identified the Papyrus of the Oath
 12920 | Lair:1   | Noticed an eight-headed hydra
 12927 | Lair:1   | Killed an eight-headed hydra
 13566 | Lair:2   | Found a hole to the Spider Nest.
 14764 | Lair:3   | Reached ***** piety under Kikubaaqudgha
 15033 | Lair:3   | Reached XP level 13. HP: 80/80 MP: 16/16
 15050 | Lair:3   | Reached skill level 10 in Fighting
 15312 | Lair:3   | Found a staircase to the Shoals.
 15709 | Lair:4   | You are sucked into a shaft and drop 2 floors!
 15709 | Lair:6   | Entered Level 6 of the Lair of Beasts
 15883 | Lair:5   | Found a staircase to the Slime Pits.
 16904 | Lair:5   | Reached skill level 5 in Evocations
 17656 | Lair:5   | Reached XP level 14. HP: 92/92 MP: 19/19
 18239 | Lair:6   | Lost mutation: Scrolls take you a little longer to read.
                  | [potion of mutation]
 18239 | Lair:6   | Gained mutation: Your magical capacity is low. (-10% MP)
                  | [potion of mutation]
 18239 | Lair:6   | Gained mutation: You are frail. (-10% HP) [potion of
                  | mutation]
 18239 | Lair:6   | Gained mutation: You passively map a small area around you.
                  | [potion of mutation]
 18239 | Lair:6   | Gained mutation: Your muscles are strong. (Str +2) [potion
                  | of mutation]
 18240 | Lair:6   | Lost mutation: You are frail. (-10% HP) [potion of
                  | mutation]
 18240 | Lair:6   | Lost mutation: Your magical capacity is low. (-10% MP)
                  | [potion of mutation]
 18240 | Lair:6   | Lost mutation: Your muscles are strong. (Str +2) [potion of
                  | mutation]
 18240 | Lair:6   | Gained mutation: You are occasionally teleported next to
                  | monsters. [potion of mutation]
 18240 | Lair:6   | Gained mutation: Your spells are a little harder to cast,
                  | but a little more powerful. [potion of mutation]
 18240 | Lair:6   | Gained mutation: Your spells are harder to cast, but more
                  | powerful. [potion of mutation]
 18240 | Lair:6   | Gained mutation: You evolve. [potion of mutation]
 18485 | Lair:5   | Lost mutation: You are occasionally teleported next to
                  | monsters. [potion of mutation]
 18485 | Lair:5   | Lost mutation: Your spells are harder to cast, but more
                  | powerful. [potion of mutation]
 18485 | Lair:5   | Lost mutation: Your spells are a little harder to cast, but
                  | a little more powerful. [potion of mutation]
 18485 | Lair:5   | Lost mutation: You passively map a small area around you.
                  | [potion of mutation]
 18485 | Lair:5   | Gained mutation: You possess an exceptional clarity of
                  | mind. [potion of mutation]
 18485 | Lair:5   | Gained mutation: Your natural rate of healing is unusually
                  | fast. [potion of mutation]
 18693 | Lair:6   | Reached skill level 10 in Necromancy
 18699 | Lair:6   | Reached ****** piety under Kikubaaqudgha
 18785 | Lair:6   | Reached skill level 1 in Stealth
 18884 | Lair:6   | Got a twitching sapphire amulet
 19094 | Lair:6   | Identified the amulet "Kapliu" {Inacc rC- MP+9 Str+4} (You
                  | found it on level 6 of the Lair of Beasts)
 19966 | Lair:6   | Noticed a dire elephant
 19966 | Lair:6   | Noticed a dire elephant
 19971 | Lair:6   | Noticed a dire elephant
 20002 | Lair:6   | Noticed a dire elephant
 20012 | Lair:6   | Killed a dire elephant
 20144 | Lair:6   | Noticed a dire elephant
 20301 | Orc:1    | Entered Level 1 of the Orcish Mines
 20305 | Orc:1    | Noticed Jorgrun
 20325 | Orc:1    | Killed Jorgrun
 20325 | Orc:1    | Reached skill level 5 in Stealth
 20384 | Orc:1    | Found Fousajaa's Antique Armour Boutique.
 20799 | Orc:2    | Entered Level 2 of the Orcish Mines
 20799 | Orc:2    | Found a staircase to the Elven Halls.
 21146 | Orc:2    | Paralysed by an orc sorcerer for 5 turns
 21375 | Orc:2    | Reached XP level 15. HP: 91/96 MP: 21/21
 21731 | Orc:2    | Found a runed translucent gate.
 21731 | Orc:2    | Found a runed translucent gate.
 21731 | Orc:2    | Found a runed translucent gate.
 21735 | Orc:2    | Noticed roflc0ptic's ghost (journeyman OpTm)
 21802 | Orc:2    | Killed roflc0ptic's ghost
 21862 | Orc:2    | Found Ana Qim's Assorted Antiques.
 21862 | Orc:2    | Found Vimacih's Magic Scroll Boutique.
 21863 | Orc:2    | Found Luzofyr's Book Shop.
 21863 | Orc:2    | Found Niyraf's Book Emporium.
 21881 | Orc:2    | Bought a scroll of fear for 52 gold pieces
 22001 | Orc:2    | Reached skill level 15 in Maces & Flails
 22512 | Elf:1    | Entered Level 1 of the Elven Halls
 22638 | Orc:1    | Gained mutation: Your spells are a little easier to cast,
                  | but a little less powerful. [evolution]
 22740 | Shoals:1 | Entered Level 1 of the Shoals
 23088 | Shoals:1 | Reached skill level 16 in Maces & Flails
 24010 | Shoals:2 | Noticed Aizul
 24240 | Shoals:2 | Noticed Polyphemus
 24278 | Shoals:2 | Noticed Louise
 24296 | Shoals:2 | Killed Louise
 24459 | Shoals:3 | HP: 1/144 [drowned by a water elemental (9)]
 24459 | Shoals:3 | Slain by a merfolk

Illustrated notes

Levels and vault maps discovered:
D:1:      saegor_arrival_simple_e, layout_rooms
D:2:      layout_basic, first_ration, hangedman_decor_growths
D:3:      layout_basic, lemuel_zombie_altar_kikubaaqudgha,
          chequers_temple_overflow_statue_of_worship, fedhas_altar_2
D:4:      minmay_general_purpose_star, layout_basic,
          minmay_temple_entry_crystal_x, kennysheep_generic_room_9, uniq_natasha
D:5:      minmay_inner_zag, layout_cave_pools, serial_shops, shop
D:6:      layout_gridville, led_sif_book
D:7:      layout_basic, nicolae_qazlal_style_of_elements
D:8:      layout_gridville, uniq_grum, uniq_psyche, uniq_pikel, uniq_erica
D:9:      layout_rooms, lair_entry_dummy, orc_0_dummy, grunt_livestock
D:10:     layout_cave_pools, lightli_wizard_tower, uniq_joseph
D:11:     layout_basic, gauntlet_entry_generic, item_on_display_a
D:12:     layout_roguey, gammafunk_ghost_mausoleum, serial_shops,
          kennysheep_mini, uniq_snorg, uniq_azrael
Lair:1:   layout_chaotic_city, chequers_serial_rivers_small_3
Lair:2:   layout_cellular_growth, spider_nest_entry_webs, lemuel_fruit_tree
Lair:3:   layout_regular_city, elwin_shoals_entry_rooms
Lair:4:   layout_big_grid, lemuel_fruit_fields, grunt_megastairs_3
Lair:5:   wad_woods_tower, layout_gridlike, minmay_slime_entry_pillars
Lair:6:   due_jungle_book, layout_cave_shapes
Shoals:1: layout_shoals
Shoals:2: layout_shoals, nicolae_shoals_circle_sea_wall,
          nicolae_shoals_so_close, uniq_louise, uniq_polyphemus, uniq_aizul
Shoals:3: layout_shoals
Orc:1:    layout_diamond_mine, serial_shops, shop, uniq_jorgrun
Orc:2:    st_orc_ogre_mass, layout_caves, ebering_ghost_rock_garden
Elf:1:    layout_rooms, minivault_28

Skill      XL: |  1  2  3  4  5  6  7  8  9 10 11 12 13 14 15 |
---------------+----------------------------------------------+-----
Maces & Flails | 4 5 6 7 8 9 12 14 16 | 16.0
Armour         | 2 4 7 9 |  9.3
Shields        | 3 4 |  4.0
Evocations     | 3 6 7 |  7.0
Dodging        | 5 8 12 13 14 | 14.0
Fighting       | 4 7 9 12 | 12.0
Necromancy     | 5 7 10 | 10.0
Stealth        | 6 |  6.0
Throwing       | |  2.0

Action                   |  1- 3 |  4- 6 |  7- 9 | 10-12 | 13-15 || total
-------------------------+-------+-------+-------+-------+-------++-------
Melee: Flail             |    84 |   120 |       |       |       ||   204
       Peck              |    13 |    16 |    26 |   100 |   241 ||   396
       Kick              |    22 |    41 |    34 |   174 |   399 ||   670
       Morningstar       |       |     7 |   151 |   430 |   901 ||  1489
Throw: Dart              |       |     1 |     4 |    12 |    21 ||    38
       Throwing net      |       |       |     2 |       |       ||     2
 Abil: Fly               |       |     1 |       |       |     1 ||     2
       Evoke Invisibilit |       |       |       |       |     1 ||     1
       Stop Flying       |       |       |       |       |     1 ||     1
Evoke: Wand              |       |       |       |     3 |    18 ||    21
  Use: Scroll            |     3 |     3 |     2 |    14 |     4 ||    26
       Potion            |       |     4 |     4 |     6 |     8 ||    22
 Stab: Sleeping          |       |     2 |       |     6 |     5 ||    13
       Invisible         |       |       |       |     2 |     1 ||     3
       Distracted        |       |       |       |       |     1 ||     1
       Paralysed         |       |       |       |       |     3 ||     3
  Eat: Chunk             |     3 |     8 |     8 |    19 |    29 ||    67
       Ration            |       |       |     1 |     1 |       ||     2
Armor: Leather armour    |    19 |    25 |     3 |       |       ||    47
       Ring mail         |       |       |    14 |     9 |       ||    23
       Scale mail        |       |       |       |    69 |   134 ||   203
Dodge: Dodged            |    83 |    97 |   101 |   259 |   686 ||  1226
Block: Buckler           |       |       |    34 |    86 |   190 ||   310
